 Dungeon Crawl Stone Soup version 0.26.1-11-gd32895ea62 (webtiles) character file.

Game seed: 18130032914895259757

11873 Tirrikindir the Carver (level 11, -2/76 HPs)
             Began as an Octopode Fighter on June 22, 2021.
             Was an Initiate of Gozag.
             Killed from afar by a fire crab (9 damage)
             ... with a blast of flame
             ... on level 10 of the Dungeon.
             The game lasted 00:31:06 (13842 turns).

Tirrikindir the Carver (Octopode Fighter)          Turns: 13842, Time: 00:31:08

Health: -2/76      AC:  6    Str: 17    XL:     11   Next: 84%
Magic:  9/9        EV: 17    Int:  9    God:    Gozag
Gold:   841        SH: 13    Dex: 14    Spells: 9/10 levels left

rFire    . . .     SeeInvis .   f - +10 scimitar of Insufficient Pleasure {pain, rElec rPois rN+ Int-3}
rCold    . . .     Faith    .   b - +2 kite shield
rNeg     + . .     Spirit   .   B - +2 hat
rPois    +         Reflect  .   (no amulet)
rElec    +         Harm     .   q - ring of willpower
rCorr    .         Rampage  .   C - ring of willpower
Will     ++...                  (no ring)
Stlth    +++++.....             (no ring)
HPRegen  0.22/turn              (no ring)
MPRegen  0.11/turn              (no ring)
                                (no ring)
                                (no ring)

@: about to teleport
A: almost no armour, stealthy swim, amphibious, 8 rings, constrict 8, antennae
1, tentacle spike 1, icy blue scales 1, rugged brown scales 1, camouflage 1,
clever 1, low mp 1, gelatinous body 1, evolution 1
a: Renounce Religion, Potion Petition, Call Merchant, Bribe Branch


You were on level 10 of the Dungeon.
You worshipped Gozag.
Gozag was pleased with you.
You visited 2 branches of the dungeon, and saw 11 of its levels.
You also visited: Ossuary.

You collected 2013 gold pieces.
You spent 257 gold pieces at shops.
You paid 915 gold pieces to Gozag.

Inventory:

Hand Weapons
 f - the +10 scimitar of Insufficient Pleasure (weapon) {pain, rElec rPois rN+ Int-3}
   (You bought it in a shop on level 9 of the Dungeon)

   In the hands of one skilled in necromantic magic, it inflicts extra damage on
   living creatures.
   It affects your intelligence (-3).
   It insulates you from electricity.
   It protects you from poison.
   It protects you from negative energy.
 l - a +0 scimitar of flaming
Missiles
 k - 33 poisoned darts (quivered)
Armour
 b - a +2 kite shield (worn)
 B - a +2 hat (worn)
Jewellery
 g - an uncursed ring of ice
 q - a ring of willpower (left tentacle)
 C - a ring of willpower (right tentacle)
Wands
 a - a wand of paralysis (7)
 o - a wand of flame (17)
Scrolls
 d - 4 scrolls of amnesia
 e - 2 scrolls of fog
 i - a scroll of enchant weapon {unknown}
 j - 2 scrolls of magic mapping
 m - 7 scrolls of remove curse
 n - a scroll of immolation {unknown}
 p - a scroll of silence {unknown}
 t - 3 scrolls of teleportation
 v - a scroll of blinking {unknown}
 y - a scroll of noise {unknown}
Potions
 c - a potion of resistance {unknown}
 h - 5 potions of flight
 s - 2 potions of haste
 u - a potion of mutation
 x - a potion of cancellation {unknown}
 z - 2 potions of ambrosia {unknown}
 A - 3 potions of curing


   Skills:
 + Level 6.6 Fighting
 * Level 10.8 Long Blades
 * Level 8.5 Dodging
 + Level 8.5 Stealth
 * Level 8.5 Shields
 + Level 1.2 Necromancy
 + Level 6.1 Evocations


You had 9 spell levels left.
You knew the following spells:

 Your Spells              Type           Power        Failure   Level
a - Animate Skeleton      Necr           4%           50%         1

Your spell library contained the following spells:

 Spells                   Type           Power        Failure   Level
 Apportation              Tloc           0%           67%         1
 Corona                   Hex            0%           67%         1
 Foxfire                  Conj/Fire      0%           67%         1
 Sandblast                Erth           0%           67%         1
 Summon Small Mammal      Summ           0%           67%         1
 Passwall                 Tmut/Erth      0%           80%         2
 Stone Arrow              Conj/Erth      0%           95%         3
 Cause Fear               Hex            0%           100%        4
 Petrify                  Tmut/Erth      0%           100%        4
 Lee's Rapid Deconstruct  Erth           0%           100%        5
 Dragon Form              Tmut           0%           100%        7
 Dragon's Call            Summ           0%           100%        9


Dungeon Overview and Level Annotations

Branches:
Dungeon (10/15)            Temple (1/1) D:6            Lair (0/6) D:9
    Orc (0/2) D:10        Ossuary (visited)

Altars:
Ashenzari
Cheibriados
Dithmenos
Elyvilon
Fedhas
Gozag
Hepliaklqana
Kikubaaqudgha
Makhleb
Nemelex Xobeh
Okawaru
Qazlal
Ru
Sif Muna
Trog
Uskayaw
Vehumet
Wu Jian
Xom
Yredelemnul
Zin
The Shining One
Jiyva

Shops:
D:8 !   D:9 *

Annotations:
D:8 2 transporters, osinmv's ghost, novice DDFi
D:10 2 transporters, Uzeprotekshun's ghost, novice OpWz


Innate Abilities, Weirdness & Mutations

You cannot wear most types of armour.
You are very stealthy in the water. (Stealth+)
You are amphibious.
You can wear up to eight rings at the same time.
You can use your tentacles to constrict eight enemies at once.
Your skin changes colour to match your surroundings (Stealth+).
Your rubbery body absorbs attacks. (AC +1, EV +1)
You have a pair of small antennae on your head.
One of your tentacles bears a spike.
You are partially covered in icy blue scales. (AC +2)
You are partially covered in rugged brown scales. (AC +1, +3% HP)
Your mind is acute. (Int +2)
Your magical capacity is low. (-10% MP)
You evolve.


Message History

You are engulfed in blazing flames.
You constrict the fire crab.
The fire crab splashes around in the water.
You block the fire crab's attack.
You hit the fire crab.
You pierce the fire crab, but do no damage.
You squeeze the fire crab.
The fire crab is heavily wounded.
You are engulfed in blazing flames.
You constrict the fire crab. The fire crab breathes flames at you.
The blast of flame engulfs you.
* * * LOW HITPOINT WARNING * * *
Okay, then.
As you read the scroll of teleportation, it crumbles to dust.
You feel strangely unstable.
You are engulfed in blazing flames.
* * * LOW HITPOINT WARNING * * *
You constrict the fire crab, but do no damage.
The fire crab breathes flames at you. The blast of flame engulfs you!
You die...
Your body crumbles into a pile of gold.

####.# #.# .....# #.#
#.#### #.# #.# #.# #.#
#.# #.# #.# ..# #.#
.##### ### #####
.#♣♣.♣♣ ♣♣♣♣♣♣..@♣♣♣♣
.#♣...♣♣♣.♣.♣.≈≈t.♣.♣.
.....)......(.[≈≈o....
.#♣...♣♣♣.♣.♣.≈§≈.♣.♣.♣
.#♣♣.♣♣ ♣♣♣♣♣♣...♣♣♣♣
.# ### #♣.♣# ## ♣♣.♣
♣♣..♣♣ ♣♣....♣


You could see a fire crab and an orc.

Vanquished Creatures
  Erica (D:8)
  2 two-headed ogres
  Pikel (D:5)
  An orc knight (D:10)
  Maggie (D:8)
  A kobold demonologist (D:9)
  A komodo dragon (D:9)
  Prince Ribbit (D:7)
  3 wraiths (D:8)
  4 yaks (D:10)
  Menkaure (D:5)
  Duvessa (D:6)
  A water moccasin (D:6)
  2 orc warriors (D:10)
  5 ice beasts
  2 phantoms
  An eye of draining (D:9)
  3 sky beasts
  A necrophage (D:10)
  8 centaurs
  8 ogres
  13 big kobolds (D:9)
  Blork the orc (D:5)
  4 bullfrogs
  Dowan (D:6)
  A wyvern skeleton (D:9)
  5 scorpions
  10 wights
  2 howler monkeys (D:4)
  A crimson imp (D:2)
  8 hounds
  A quasit (D:9)
  9 orc wizards
  A jelly (D:5)
  6 orc priests
  Crazy Yiuf (D:2)
  A centaur skeleton (D:3)
  Ijyb (D:3)
  2 iguanas (D:8)
  8 worker ants
  A hound zombie (D:5)
  8 mummies (Ossuary)
  15 adders
  4 gnolls (D:6)
  A shadow imp (D:9)
  3 white imps
  3 oozes
  2 adder zombies
  An adder skeleton (D:5)
  A worm (D:2)
  5 dart slugs
  4 leopard geckos
  26 orcs
  7 bats
  3 giant cockroaches
  A gnoll zombie (Ossuary)
  7 goblins
  5 hobgoblins
  17 jackals
  6 quokkas
  4 frilled lizards
  2 hobgoblin zombies (Ossuary)
  19 kobolds
  3 kobold zombies (Ossuary)
  A leopard gecko zombie (D:6)
  2 orc zombies (Ossuary)
  A quokka skeleton (D:4)
  10 rats
287 creatures vanquished.

Vanquished Creatures (others)
  A stone giant (D:10)
  49 plants
  4 withered plants (D:5)
54 creatures vanquished.

Grand Total: 341 creatures vanquished

Notes
Turn   | Place    | Note
-------+----------+-------------------------------------------
     0 | D:1      | Tirrikindir the Octopode Fighter began the quest for the
                  | Orb.
     0 | D:1      | Reached XP level 1. HP: 16/16 MP: 1/1
   191 | D:1      | Reached XP level 2. HP: 21/21 MP: 2/2
   623 | D:1      | Reached skill level 1 in Stealth
   650 | D:1      | Reached XP level 3. HP: 22/26 MP: 3/3
  1576 | D:2      | Reached XP level 4. HP: 31/31 MP: 4/4
  1602 | D:2      | Gained mutation: Your mind is acute. (Int +2) [potion of
                  | mutation]
  1602 | D:2      | Gained mutation: You evolve. [potion of mutation]
  1671 | D:2      | Reached skill level 3 in Long Blades
  1985 | D:2      | Found a runed translucent door.
  1986 | D:2      | Noticed Crazy Yiuf
  1992 | D:2      | Killed Crazy Yiuf
  1993 | D:2      | Reached XP level 5. HP: 20/36 MP: 5/5
  2272 | D:2      | Gained mutation: You are partially covered in rugged brown
                  | scales. (AC +1, +3% HP) [evolution]
  2284 | D:2      | Found a burning altar of Makhleb.
  2551 | D:3      | Noticed Ijyb
  2568 | D:3      | Killed Ijyb
  2691 | D:3      | Reached XP level 6. HP: 37/44 MP: 6/6
  2791 | D:3      | Found a snail-covered altar of Cheibriados.
  2876 | D:3      | Noticed an ice beast
  2886 | D:3      | Killed an ice beast
  2887 | D:3      | Reached skill level 4 in Long Blades
  2887 | D:3      | Reached skill level 1 in Evocations
  3885 | D:4      | Reached XP level 7. HP: 41/49 MP: 7/7
  3900 | D:4      | Reached skill level 5 in Long Blades
  4284 | D:4      | Found a bloodstained altar of Trog.
  4493 | D:5      | Entered Level 5 of the Dungeon
  4506 | D:5      | Noticed Blork the orc
  4508 | D:5      | Found a sand-covered staircase.
  4516 | D:5      | Killed Blork the orc
  4523 | D:5      | Reached skill level 6 in Long Blades
  4533 | Ossuary  | Entered an ossuary
  5072 | Ossuary  | Reached XP level 8. HP: 55/55 MP: 8/8
  5429 | D:5      | Found an iron altar of Okawaru.
  5721 | D:5      | Reached skill level 7 in Long Blades
  5799 | D:5      | Gained mutation: Your magical capacity is low. (-10% MP)
                  | [evolution]
  6134 | D:5      | Reached skill level 8 in Long Blades
  6451 | D:5      | Noticed Menkaure
  6452 | D:5      | Found a blossoming altar of Fedhas.
  6467 | D:5      | Killed Menkaure
  6684 | D:5      | Noticed Pikel
  6711 | D:5      | Killed Pikel
  6712 | D:5      | Reached XP level 9. HP: 47/60 MP: 8/8
  6854 | D:5      | Found an ancient bone altar of Kikubaaqudgha.
  7196 | D:5      | Gained mutation: You are partially covered in icy blue
                  | scales. (AC +2) [evolution]
  7624 | D:6      | Found a staircase to the Ecumenical Temple.
  7626 | D:6      | Found a faded altar of an unknown god.
  7633 | Temple   | Entered the Ecumenical Temple
  7650 | Temple   | Became a worshipper of Gozag Ym Sagoz the Greedy
  7797 | D:6      | Reached skill level 5 in Shields
  7802 | D:6      | Noticed Duvessa
  7802 | D:6      | Noticed Dowan
  7810 | D:6      | Reached skill level 5 in Dodging
  7810 | D:6      | Reached skill level 5 in Stealth
  7811 | D:6      | Killed Duvessa
  7823 | D:6      | Killed Dowan
  8092 | D:6      | Found a glowing silver altar of Zin.
  8264 | D:6      | Reached skill level 9 in Long Blades
  8307 | D:6      | Found a shadowy altar of Dithmenos.
  8481 | D:6      | Found a shimmering blue altar of Sif Muna.
  8545 | D:6      | Found a basalt altar of Yredelemnul.
  8696 | D:7      | Noticed Prince Ribbit
  8703 | D:7      | Killed Prince Ribbit
  8704 | D:7      | Reached skill level 5 in Fighting
  8762 | D:7      | Gained mutation: You have a pair of small antennae on your
                  | head. [evolution]
  8831 | D:7      | Found a stormy altar of Qazlal.
  8918 | D:7      | Found a shimmering altar of Xom.
  8921 | D:7      | Found a glowing golden altar of the Shining One.
  8922 | D:7      | Found a hide-covered altar of Uskayaw.
  8977 | D:7      | Found a sacrificial altar of Ru.
  9489 | D:8      | Reached XP level 10. HP: 52/67 MP: 9/9
  9729 | D:8      | Found the +5 scythe "Finisher" {speed, eviscerate}
  9750 | D:8      | HP: 3/67 [wraith (8)]
 10050 | D:8      | Found a transporter.
 10085 | D:8      | Found a one-way gate to the infinite horrors of the Abyss.
 10085 | D:8      | Noticed osinmv's ghost (novice DDFi)
 10113 | D:8      | Found a transporter.
 10169 | D:8      | Noticed a guardian serpent
 10362 | D:8      | Noticed a two-headed ogre
 10405 | D:8      | Killed a two-headed ogre
 10503 | D:8      | Noticed a bunyip
 10608 | D:8      | Noticed Erica
 10624 | D:8      | Killed Erica
 10920 | D:8      | Noticed Maggie
 10930 | D:8      | Killed Maggie
 10931 | D:8      | Reached skill level 10 in Long Blades
 10931 | D:8      | Reached skill level 5 in Evocations
 11457 | D:9      | Reached XP level 11. HP: 65/74 MP: 1/9
 11561 | D:9      | Found an ornate altar of the Wu Jian Council.
 11661 | D:9      | Noticed a two-headed ogre
 11676 | D:9      | Killed a two-headed ogre
 11688 | D:9      | Gained mutation: One of your tentacles bears a spike.
                  | [evolution]
 11877 | D:9      | Found Coh Ref's Assorted Antiques.
 11883 | D:9      | Bought a crystal scimitar for 234 gold pieces
 11883 | D:9      | Bought a fuming grey potion for 23 gold pieces
 11883 | D:9      | Identified the +10 scimitar of Insufficient Pleasure {pain,
                  | rElec rPois rN+ Int-3} (You bought it in a shop on level 9
                  | of the Dungeon)
 11955 | D:9      | Found a staircase to the Lair.
 12218 | D:9      | Noticed a sun demon
 12693 | D:10     | Entered Level 10 of the Dungeon
 12852 | D:10     | Learned a level 1 spell: Animate Skeleton
 12919 | D:10     | Found a transporter.
 12929 | D:10     | Noticed Uzeprotekshun's ghost (novice OpWz)
 12941 | D:10     | Found a transporter.
 12944 | D:10     | Noticed a moth of wrath
 13031 | D:10     | Found a staircase to the Orcish Mines.
 13436 | D:10     | Noticed a fire crab
 13437 | D:10     | Noticed an orc knight
 13437 | D:10     | Noticed a manticore
 13437 | D:10     | Noticed a stone giant
 13452 | D:10     | Killed a stone giant
 13453 | D:10     | Reached skill level 1 in Necromancy
 13822 | D:10     | Killed an orc knight
 13842 | D:10     | Killed from afar by a fire crab

Illustrated notes

Levels and vault maps discovered:
D:1:      nicolae_arrival_washed_ashore, layout_basic
D:2:      layout_rooms, makhleb_grotto_becter, uniq_crazy_yiuf_cottage
D:3:      layout_basic, kennysheep_slug_shrine, uniq_ijyb
D:4:      layout_rooms, bloody_trog
D:5:      layout_layer_cave, grunt_temple_overflow_growth_and_decay,
          enter_ossuary_2, lemuel_altar_in_water, uniq_pikel, uniq_menkaure,
          uniq_blork_the_orc
D:6:      layout_cave_pools, lemuel_coloured_pillars_altar, zin_scriptorium,
          lemuel_crystal_altar, nicolae_dithmenos_through_a_glass_darkly,
          nicolae_temple_entry_ecumenical, uniq_duvessa
D:7:      layout_basic, grunt_qazlal_clouds, lemuel_round_altar,
          chequers_temple_overflow_statue_of_worship, uniq_prince_ribbit1
D:8:      layout_rooms, gammafunk_ghost_abyssal_escape,
          minmay_guarded_unrand_finisher, uniq_maggie, uniq_erica
D:9:      layout_roguey [special_room_kobold], david_lair_shrubbed,
          serial_shops, shop, basic_altar, kennysheep_opposing_triangles
D:10:     nzn_winding_woodlands_large [nzn_winding_woodlands_hourglass,
          nzn_winding_woodlands_5x15_pockets,
          nzn_winding_woodlands_5x5_perimeter,
          nzn_winding_woodlands_center_pierced_h,
          nzn_winding_woodlands_15x15_thick_spiral,
          nzn_winding_woodlands_center_diamonds,
          nzn_winding_woodlands_5x5_closed_star,
          nzn_winding_woodlands_5x15_pool, nzn_winding_woodlands_5x5_open_star],
          layout_loops_ring, hiddenorc1_lemuel,
          gammafunk_ghost_berserking_beasts
Temple:   pf_slime_end_temple

Skill      XL: |  1  2  3  4  5  6  7  8  9 10 11 |
---------------+----------------------------------+-----
Stealth        | 1 2 3 4 6 7 8 |  8.5
Long Blades    | 3 4 6 8 9 10 | 10.8
Fighting       | 4 5 6 |  6.6
Evocations     | 1 2 4 5 6 |  6.1
Dodging        | 4 6 7 8 |  8.5
Shields        | 4 6 7 8 |  8.5
Necromancy     | 1 |  1.2

Action                   |  1- 3 |  4- 6 |  7- 9 | 10-12 || total
-------------------------+-------+-------+-------+-------++-------
Melee: Long sword        |    62 |    87 |   221 |    91 ||   461
       Constrict         |    22 |    24 |    68 |    94 ||   208
       Tentacles         |    14 |    28 |    65 |   109 ||   216
       Scimitar          |       |       |       |   295 ||   295
       Kick              |       |       |       |    86 ||    86
Throw: Dart              |     4 |     1 |     9 |    27 ||    41
Invok: Call Merchant     |       |       |       |     1 ||     1
Evoke: Wand              |       |       |       |    14 ||    14
  Use: Scroll            |     2 |     4 |     9 |     5 ||    20
       Potion            |       |     2 |     2 |     7 ||    11
 Stab: Sleeping          |     4 |     6 |    15 |    14 ||    39
       Distracted        |       |       |     2 |       ||     2
       Paralysed         |       |       |       |     5 ||     5
       Invisible         |       |       |       |     1 ||     1
Armor: Skin              |     7 |     8 |    14 |    24 ||    53
Dodge: Dodged            |    28 |    35 |    62 |   124 ||   249
Block: Kite shield       |    23 |    32 |    96 |   154 ||   305
       Rpst.: Long sword |     8 |    13 |    21 |    13 ||    55
       Scimitar          |       |       |       |    13 ||    13
